 Dungeon Crawl Stone Soup version 0.31.0-12-g77e489cdc1 (webtiles) character file.

Game seed: 4375433646780025859

46 Doomgape the Trooper (level 3, -3/24 HPs)
             Began as a Gargoyle Fighter on Feb 23, 2024.
             Slain by an orc
             ... wielding a +0 whip
              (4 damage)
             ... on level 2 of the Dungeon.
             The game lasted 00:02:15 (837 turns).

Doomgape the Trooper (Gargoyle Fighter)              Turns: 837, Time: 00:02:15

Health: -3/24      AC: 13    Str: 21    XL:     3   Next: 68%
Magic:  3/3        EV:  7    Int:  8    God:
Gold:   87         SH:  4    Dex:  9    Spells: 2/2 levels left

rFire   . . .        a - +0 flail
rCold   . . .        c - +0 buckler
rNeg    + . .        f - +1 chain mail
rPois   ∞            (no helmet)
rElec   +            (no cloak)
rCorr   .            (no gloves)
SInv    .            (no boots)
Will    .....        (no amulet) Stlth
                     (no ring)
HPRegen 0.24/turn    (no ring)
MPRegen 0.08/turn

%: no passive effects
@: hasted, very quick
A: sickness immunity, AC +3, negative energy resistance 1, electricity
resistance, torment resistance 1, petrification resistance
a: no special abilities


You were on level 2 of the Dungeon.
You visited 1 branch of the dungeon, and saw 2 of its levels.

You collected 87 gold pieces.

Inventory:

Hand Weapons
 a - a +0 flail (weapon)
Armour
 c - a +0 buckler (worn)
 f - a +1 chain mail (worn)
Potions
 d - a potion of might


   Skills:
 + Level 3.8 Fighting
 + Level 2.5 Maces & Flails
 + Level 3.7 Armour
 + Level 3.7 Shields


You had 2 spell levels left.
You didn't know any spells.
Your spell library contained the following spells:

 Spells                   Type           Power      Damage    Failure   Level
 Volatile Blastmotes      Fire/Tloc      0%         2d10      100%        3
 Fulminant Prism          Conj/Alch      0%         3d5       100%        4
 Iskenderun's Mystic Bla  Conj/Tloc      0%         2d3       100%        4


Dungeon Overview and Level Annotations

Branches:
Dungeon (2/15)

Altars:


Innate Abilities, Weirdness & Mutations

You are immune to sickness and miasma.
Your stone body is resilient. (AC +3)
You are immune to poison.
You resist negative energy. (rN+)
You are resistant to electric shocks. (rElec)
You are resistant to unholy torment.
You are immune to petrification.


Message History

The orc is moderately wounded.
Something hits you but does no damage. You block the orc's attack.
Unknown command.
You sock the orc!
You kill the orc!
Something hits you.
Unknown command.
You barely miss something.
You hear some strange, mumbled words.
Something tries to affect you, but you resist.
You hear some strange, mumbled words.
You are confused.
The orc closely misses you.
You bump into the rock wall.
You hear some strange, mumbled words.
A puff of flame appears from out of thin air!
The puff of flame hits you. The orc hits you but does no damage.
You hit something but do no damage. The orc hits you but does no damage.
Something hits you but does no damage.
You bump into the rock wall.
The orc hits you but does no damage. Something hits you but does no damage.
You bump into the rock wall.
The orc closely misses you. Something hits you but does no damage.
Unknown command.
You miss the orc. Something hits you but does no damage.
The orc barely misses you.
You completely miss something.
You hear some strange, mumbled words.
A puff of flame appears from out of thin air!
The puff of flame hits you!
* * * LOW HITPOINT WARNING * * *
The orc hits you but does no damage.
It was a potion of haste.
You feel yourself speed up.
You feel less confused. Something hits you but does no damage.
You block the orc's attack.
Unknown command.
You miss something. You block something's attack. You block the orc's attack.
You barely miss something. Something hits you but does no damage.
The orc hits you with a +0 whip.
You die...

..... ##...
..##.....
.......
###...#o.
##....##K#
#.....##o#
#.....#.#.##@#
#.#####.#..{.#
. #......#
#..##
##.###.##
#....#..# #.#
#..<>###.####
###.).......#
...........#
##.........#


You could see 2 orcs and a kobold.

Vanquished Creatures
  An adder (D:2)
  A dart slug (D:1)
  An orc (D:2)
  2 endoplasms
  3 goblins (D:1)
  2 hobgoblins (D:1)
  6 jackals (D:1)
  3 kobolds
  2 quokkas (D:1)
  4 ball pythons
  3 frilled lizards (D:1)
  3 rats (D:1)
31 creatures vanquished.

Notes
Turn   | Place    | Note
-------+----------+-------------------------------------------
     0 | D:1      | Doomgape the Gargoyle Fighter began the quest for the Orb.
     0 | D:1      | Reached XP level 1. HP: 14/14 MP: 1/1
   143 | D:1      | Reached XP level 2. HP: 19/19 MP: 2/2
   521 | D:1      | Reached XP level 3. HP: 23/23 MP: 3/3
   834 | D:2      | HP: 1/24 [something/puff of flame (9)]
   837 | D:2      | Slain by an orc

Illustrated notes

Levels and vault maps discovered:
D:1:      dpeg_arrival_rooms_a, layout_basic, serial_rivers,
          chequers_serial_rivers_small_a, chequers_serial_rivers_micro_e,
          chequers_serial_rivers_micro_d, chequers_serial_rivers_large_b,
          chequers_serial_rivers_large_a, chequers_serial_rivers_small_a
D:2:      layout_rooms, serial_shops, shop, uniq_jessica,
          uniq_crazy_yiuf_cottage

Action                     || total
---------------------------++-------
  Melee: Flail             ||   111
    Use: Scroll            ||     4
         Potion            ||     1
 Armour: Chain mail        ||   102
         Scale mail        ||     3
  Dodge: Dodged            ||    40
  Block: Buckler           ||    21
